 Dungeon Crawl Stone Soup version 0.31-a0-851-g7ff8af7976 (webtiles) character file.

Game seed: 16483886714285185710

28 Sweetruy1997 the Sneak (level 2, 0/15 HPs)
             Began as a Vampire Enchanter on Oct 8, 2023.
             Slain by an adder (2 damage)
             ... on level 2 of the Dungeon.
             The game lasted 00:04:03 (1012 turns).

Sweetruy1997 the Sneak (Vampire Enchanter)          Turns: 1012, Time: 00:04:04

Health: 0/15       AC:  2    Str:  7    XL:     2   Next: 96%
Magic:  5/5        EV: 12    Int: 17    God:
Gold:   24         SH:  0    Dex: 14    Spells: 5/5 levels left

rFire   . . .        a - +1 dagger
rCold   + + .        (no shield)
rNeg    + + +        b - +0 robe
rPois   ∞            (no helmet)
rElec   .            (no cloak)
rCorr   .            (no gloves)
SInv    +            (no boots)
Will    .....        (no amulet)
Stlth   +++++        (no ring)
HPRegen 0.00/turn    (no ring)
MPRegen 0.09/turn

%: no passive effects
@: attractive, bloodless, inhibited regen, invisible
A: bloodless, fangs 3, see invisible, vampiric 1
a: Revivify


You were on level 2 of the Dungeon.
You visited 1 branch of the dungeon, and saw 2 of its levels.

You collected 24 gold pieces.

Inventory:

Hand Weapons
 a - a +1 dagger (weapon)
Armour
 b - a +0 robe (worn)
Scrolls
 e - a scroll of enchant armour {unknown}
 f - a scroll of teleportation {unknown}
 g - a scroll of brand weapon {unknown}
 h - a scroll of identify {unknown}
 k - a scroll of amnesia {unknown}
Potions
 c - a potion of invisibility
 d - a potion of lignification {unknown}
 i - a potion of brilliance {unknown}
 j - a potion of attraction


   Skills:
 + Level 1.2 Short Blades
 + Level 2.4 Dodging
 + Level 5.1 Stealth
 + Level 2.2 Spellcasting
 + Level 5.0 Hexes


You had 5 spell levels left.
You didn't know any spells.
Your spell library contained the following spells:

 Spells                   Type           Power      Damage    Failure   Level
 Confusing Touch          Hex            19%        N/A       7%          3
 Tukima's Dance           Hex            19%        N/A       7%          3
 Ensorcelled Hibernation  Hex/Ice        20%        N/A       10%         2
 Dazzling Flash           Conj/Hex       20%        N/A       21%         3


Dungeon Overview and Level Annotations

Branches:
Dungeon (2/15)

Altars:


Innate Abilities, Weirdness & Mutations

You do not regenerate when monsters are visible.
You are frail without blood (-20% HP).
You can heal yourself when you bite living creatures.
You are immune to poison.
You have razor-sharp teeth.
You have supernaturally acute eyesight. (SInv)
You are afflicted with vampirism.


Message History

You miss the adder.
The adder is almost dead.
The adder closely misses you.
You closely miss the adder. Your bite misses the adder.
The adder is almost dead.
The adder bites you.
You miss the adder. Your bite misses the adder.
The adder is almost dead.
The adder misses you. The adder bites you.
You hit the adder.
The adder is almost dead.
The adder bites you but does no damage.
You barely miss the adder.
The adder is almost dead.
The adder bites you but does no damage.
You closely miss the adder.
The adder is almost dead.
The adder bites you.
You closely miss the adder.
The adder is almost dead.
The adder bites you.
* * * LOW HITPOINT WARNING * * *
The adder completely misses you.
It was a potion of attraction.
You feel attractive to monsters. The adder bites you but does no damage.
You fade into invisibility!
The kobold throws a stone.
The stone closely misses the adder.
The stone barely misses you. The adder misses you.
The kobold is attracted toward you. The goblin is attracted toward you.
The kobold is attracted toward you. The goblin is attracted toward you.
You see here 5 stones.
The adder barely misses you. The goblin is attracted toward you.
The kobold is attracted toward you. The goblin is attracted toward you.
The kobold throws a stone.
The stone misses the adder.
The kobold is attracted toward you. The goblin is attracted toward you.
The adder hisses angrily.
The adder bites you.
You die...

#.# #)#
#.#####.####.#
#......§§!...#
#######(###### #g#
#.#
#.##########K#######
#.........@S........
####...####.#######
#........#
.#######<..######
..........##
###########


You could see an adder (unable to see you) and a kobold (wandering, unable to
see you).

Vanquished Creatures
  A ball python (D:2)
  4 bats (D:1)
  6 endoplasms (D:1)
  A goblin (D:1)
  4 hobgoblins (D:1)
  2 jackals (D:1)
  2 kobolds (D:1)
  2 rats (D:1)
22 creatures vanquished.

Notes
Turn   | Place    | Note
-------+----------+-------------------------------------------
     0 | D:1      | Sweetruy1997 the Vampire Enchanter began the quest for the
                  | Orb.
     0 | D:1      | Reached XP level 1. HP: 13/13 MP: 3/3
    92 | D:1      | Reached XP level 2. HP: 15/15 MP: 5/5
   214 | D:1      | Reached skill level 5 in Stealth
   538 | D:1      | Reached skill level 5 in Hexes
  1012 | D:2      | Slain by an adder

Illustrated notes

Levels and vault maps discovered:
D:1:      dpeg_arrival_rhombi, layout_basic
D:2:      layout_loops_ring, serial_shops, shop

Skill      XL: |  1  2 |
---------------+-------+-----
Stealth        | 5 |  5.1
Hexes          | 5 |  5.0
Short Blades   | |  1.2
Dodging        | |  2.4
Spellcasting   | |  2.2

Action                     || total
---------------------------++-------
  Melee: Dagger            ||    52
         Bite              ||     3
Ability: Exsanguinate      ||     1
    Use: Potion            ||     2
   Stab: Sleeping          ||    14
         Distracted        ||     1
 Armour: Robe              ||    28
  Dodge: Dodged            ||    21

Table legend: (Time is in decaauts)
 A = Elapsed time spent in this place.
 B = Non-inter-level travel time spent in this place.
 C = Inter-level travel time spent in this place.
 D = Time resting spent in this place.
 E = Time spent auto-exploring this place.
 F = Levels seen in this place.
 G = Mean time per level.
                   A        B        C        D        E       F      G
               +--------+--------+--------+--------+--------+-----+--------+
         Total |   1008 |    998 |     10 |      0 |    805 |   2 |  504.0 |
       Dungeon |   1008 |    998 |     10 |      0 |    805 |   2 |  504.0 |
               +--------+--------+--------+--------+--------+-----+--------+

Top non-repeatable levels by time:
     D:1: 965 daAuts
     D:2: 42 daAuts
